 Dungeon Crawl Stone Soup version 0.31-a0-1499-ge0622b2318 (webtiles) character file.

Game seed: 7439480850825611633

142 jasper the Changeling (level 5, -4/34 HPs)
             Began as an Octopode Shapeshifter on Dec 29, 2023.
             Was a Believer of Wu Jian.
             Slain by an orc
             ... wielding a +0 falchion
              (7 damage)
             ... on level 4 of the Dungeon.
             The game lasted 00:03:03 (2329 turns).

jasper the Changeling (Octopode Shapeshifter)       Turns: 2329, Time: 00:03:03

Health: -4/34      AC:  1    Str: 16    XL:     5   Next: 24%
Magic:  5/5        EV: 13    Int: 12    God:    Wu Jian [**....]
Gold:   171        SH:  0    Dex: 11    Spells: 4/4 levels left

rFire   . .          .
                       - Unarmed
rCold   . . .        (no shield)
rNeg    . . .        (helmet currently unavailable)
rPois   .            (no amulet)
rElec   .            (no ring)
rCorr   .            (no ring)
SInv    .            (no ring)
Will    .....        (no ring)
Stlth   ++           (no ring)
HPRegen 0.25/turn    (no ring)
MPRegen 0.09/turn    (no ring)
                     (no ring)

%: no passive effects
@: beast-form
A: beast (slay +2), almost no armour, amphibious, 8 rings, camouflage 1,
gelatinous body 1, (nimble swimmer 1), tentacles
a: Begin Untransformation, Renounce Religion, Wall Jump


You were on level 4 of the Dungeon.
You worshipped Wu Jian.
Wu Jian was pleased with you.
You were a hulking beast.
You visited 1 branch of the dungeon, and saw 4 of its levels.

You collected 171 gold pieces.

Inventory:

Missiles
 d - 45 stones (quivered)
Talismans
 b - a beast talisman
 c - a flux talisman
Wands
 l - a wand of mindburst (11)
Scrolls
 f - a scroll of identify
 g - 5 scrolls of vulnerability
 k - a scroll of amnesia
Potions
 a - 3 potions of lignification
 e - a potion of attraction
 h - a potion of berserk rage
 i - a potion of heal wounds
 j - a potion of might


   Skills:
 - Level 2.1 Fighting
 - Level 2.8 Dodging
 - Level 3.6 Unarmed Combat
 * Level 4.2 Shapeshifting


You had 4 spell levels left.
You didn't know any spells.
Your spell library contained the following spells:

 Spells                   Type           Power      Damage    Failure   Level
 Ensorcelled Hibernation  Hex/Ice        0%         N/A       45%         2
 Passwall                 Erth           0%         N/A       69%         3
 Swiftness                Air            0%         N/A       69%         3


Dungeon Overview and Level Annotations

Branches:
Dungeon (4/15)
 Temple: D:4-7

Altars:
Cheibriados
Wu Jian
Yredelemnul

Shops:
D:3 [


Innate Abilities, Weirdness & Mutations

You are a hulking beast.
Your limbs bulge with bestial killing power. (Slay +2)
You cannot wear most types of armour.
You are amphibious.
You can wear up to eight rings at the same time.
Your skin changes colour to match your surroundings (Stealth+).
Your rubbery body absorbs attacks. (AC +1, EV +1)
((You are camouflaged when in or above water. (Stealth+)))
You have tentacles for arms and can constrict up to eight enemies at once.


Message History

You constrict the orc wizard, but do no damage.
The orc wizard closely misses you.
Health restored: 34 You tentacle-slap the orc wizard.
The orc wizard is severely wounded.
You constrict the orc wizard. The orc wizard completely misses you.
You tentacle-slap the orc wizard but do no damage.
You squeeze the orc wizard.
You kill the orc wizard!
The Council accepts your kill. The orc barely misses you.
The orc hits you with a +0 club.
You take 3 damage, and have 31/34 hp.
You tentacle-slap the orc but do no damage.
Your grab misses the orc. You squeeze the orc.
The orc is heavily wounded.
The orc hits you with a +0 club. x2; The orc barely misses you.
You take 7 damage, and have 24/34 hp.
MASSIVE DAMAGE!!
You closely miss the orc. Your grab misses the orc.
The orc is heavily wounded.
The orc hits you with a +0 club. The orc closely misses you. x2
You take 2 damage, and have 22/34 hp.
You barely miss the orc. You grab the orc. You constrict the orc.
The orc barely misses you. The orc hits you with a +0 club. x2
The orc misses you.
You take 6 damage, and have 16/34 hp.
You tentacle-slap the orc. You grab the orc. You squeeze the orc.
You kill the orc!
The Council accepts your kill.
You constrict the orc. The orc hits you with a +0 falchion. The orc misses you.
The orc hits you with a +0 short sword.
* * * LOW HITPOINT WARNING * * *
You take 9 damage, and have 7/34 hp.
MASSIVE DAMAGE!!
You barely miss the orc. You grab the orc.
You tentacle-slap the orc, but do no damage.
The orc is heavily wounded.
You constrict the orc, but do no damage.
You constrict the orc. The orc hits you with a +0 short sword.
* * * LOW HITPOINT WARNING * * *
The orc hits you with a +0 falchion!
You die...

#)...........#
##.............
#..)...........
#............#
#...........# .
#..........#..
#....o)o...$..
#....oh......#
...
##......?...##
..
#.........### .
##........##
##.......?##
##........## #
##.......### #
#.......## ##
##......##


You could see 3 orcs.

Vanquished Creatures
  An iguana (D:4)
  An orc wizard (D:4)
  An adder (D:3)
  3 ribbon worms (D:2)
  3 dart slugs
  2 orcs
  An endoplasm (D:3)
  A giant cockroach (D:1)
  3 goblins
  4 hobgoblins
  8 kobolds
  3 quokkas
  7 ball pythons
  6 bats
  3 frilled lizards
  5 rats
52 creatures vanquished.

Notes
Turn   | Place    | Note
-------+----------+-------------------------------------------
     0 | D:1      | jasper the Octopode Shapeshifter began the quest for the
                  | Orb.
     0 | D:1      | Reached XP level 1. HP: 13/13 MP: 1/1
   138 | D:1      | Found a faded altar of an unknown god.
   178 | D:1      | Prayed at the altar of an unknown god.
   178 | D:1      | Became a worshipper of the Wu Jian Council
   178 | D:1      | Reached * piety under Wu Jian
   412 | D:1      | Reached XP level 2. HP: 18/18 MP: 2/2
   560 | D:1      | Reached XP level 3. HP: 19/23 MP: 3/3
  1011 | D:2      | Reached XP level 4. HP: 20/29 MP: 4/4
  1181 | D:2      | Found a basalt altar of Yredelemnul.
  1688 | D:3      | Reached ** piety under Wu Jian
  1782 | D:3      | Found Fiustui's Antique Armour Emporium.
  2015 | D:3      | Found an ornate altar of the Wu Jian Council.
  2247 | D:4      | Found a snail-covered altar of Cheibriados.
  2308 | D:4      | Reached skill level 4 in Shapeshifting
  2309 | D:4      | Reached XP level 5. HP: 34/34 MP: 5/5
  2329 | D:4      | Slain by an orc

Illustrated notes

Levels and vault maps discovered:
D:1:      dpeg_arrival_rooms_c, layout_loops_ring, basic_ecumenical_altar,
          st_stairs_3, reono_crystal_passage
D:2:      layout_loops_cross, basic_altar, grunt_ministairs_14,
          serial_bayou_pond_c
D:3:      layout_basic, mainiacjoe_overflow_catwalk, serial_shops, shop
D:4:      cheibrodos_pilgrimage, layout_cave_pods, kennysheep_slug_shrine,
          serial_library_hellmonk_junction, uniq_eustachio

Skill      XL: |  1  2  3  4 |
---------------+-------------+-----
Fighting       | 2 |  2.1
Shapeshifting  | 4 |  4.2
Dodging        | |  2.8
Unarmed Combat | |  3.6

Action                     |  1- 3 |  4- 6 || total
---------------------------+-------+-------++-------
  Melee: Unarmed           |    56 |    41 ||    97
         Constrict         |    14 |    11 ||    25
         Tentacles         |    10 |     9 ||    19
         Punch             |       |     2 ||     2
Ability: Lunge             |    10 |    10 ||    20
         Whirlwind         |     2 |       ||     2
    Use: Scroll            |       |     9 ||     9
   Stab: Sleeping          |     8 |     6 ||    14
 Armour: Skin              |    18 |    19 ||    37
  Dodge: Dodged            |    28 |    17 ||    45

Table legend: (Time is in decaauts)
 A = Elapsed time spent in this place.
 B = Non-inter-level travel time spent in this place.
 C = Inter-level travel time spent in this place.
 D = Time resting spent in this place.
 E = Time spent auto-exploring this place.
 F = Levels seen in this place.
 G = Mean time per level.
                   A        B        C        D        E       F      G
               +--------+--------+--------+--------+--------+-----+--------+
         Total |   2323 |   2224 |     99 |    100 |   1763 |   4 |  580.8 |
       Dungeon |   2323 |   2224 |     99 |    100 |   1763 |   4 |  580.8 |
               +--------+--------+--------+--------+--------+-----+--------+

Top non-repeatable levels by time:
     D:3: 894 daAuts
     D:1: 706 daAuts
     D:2: 641 daAuts
     D:4: 81 daAuts
